 Dungeon Crawl Stone Soup version 0.20.0-10-g0535bb4 (console) character file.

347 bli the Chiller (level 6, -3/44 HPs)
             Began as a Barachi Ice Elementalist on June 3, 2017.
             Was a Follower of Dithmenos.
             Slain by a big kobold
             ... wielding a +0 club
              (8 damage)
             ... on level 3 of the Dungeon.
             The game lasted 00:25:37 (3730 turns).

bli the Chiller (Barachi Ice Elementalist)          Turns: 3730, Time: 00:25:38

Health: -3/44      AC:  3    Str: 16    XL:     6   Next: 59%
Magic:  5/11       EV: 14    Int: 16    God:    Dithmenos [*.....]
Gold:   117        SH:  0    Dex: 12    Spells: 9/12 levels left

rFire    . . .     SeeInvis .   a - +0 falchion
rCold    . . .     Gourm    .   (no shield)
rNeg     . . .     Faith    .   p - +0 robe
rPois    .         Spirit   .   n - +0 helmet
rElec    .         Reflect  .   (no cloak)
rCorr    .         Harm     .   (no gloves)
MR       .....                  (no boots)
Stlth    ++........             (no amulet)
Regen    0.2/turn               (no ring)
MPRegen  0.2/turn               (no ring)

@: mighty, very slightly contaminated, wreathed by umbra, invisible, slow
A: +LOS, swims, slowness 1, strong legs 1
a: Hop, Renounce Religion


You were on level 3 of the Dungeon.
You worshipped Dithmenos.
Dithmenos was aware of your devotion.
You were hungry.

You visited 1 branch of the dungeon, and saw 3 of its levels.

You collected 130 gold pieces.
You donated 13 gold pieces to Zin.

Inventory:

Hand Weapons
 a - a +0 falchion (weapon)
 r - a +0 quarterstaff
Missiles
 l - 113 stones (quivered)
Armour
 n - a +0 helmet (worn)
 p - a +0 robe (worn)
Scrolls
 e - a scroll of enchant armour {unknown}
 f - 2 scrolls of recharging {unknown}
 g - a scroll of fear {unknown}
 i - 5 scrolls of remove curse {unknown}
 o - a scroll of fog {unknown}
 q - a scroll of immolation {unknown}
 s - a scroll of blinking {unknown}
 t - a scroll of identify {unknown}
Potions
 d - 2 potions of invisibility
 h - a potion of agility {unknown}
 j - a potion of haste {unknown}
 m - a potion of might
 v - a potion of degeneration {unknown}
Books
 b - a book of Frost

   Spells                             Type                      Level
   a - Freeze                         Ice                          1
   b - Throw Frost                    Conjuration/Ice              2
   c - Ozocubu's Armour               Charms/Ice                   3
   d - Throw Icicle                   Conjuration/Ice              4
   e - Summon Ice Beast               Ice/Summoning                4
 u - a book of Misfortune

   Spells                             Type                      Level
   a - Confusing Touch                Hexes                        1
   b - Confuse                        Hexes                        3
   c - Gell's Gravitas                Translocation                3
   d - Petrify                        Transmutation/Earth          4
   e - Metabolic Englaciation         Hexes/Ice                    5
   f - Yara's Violent Unravelling     Hexes/Transmutation          5
Comestibles
 c - 4 bread rations
 k - a royal jelly


   Skills:
 + Level 2.3 Fighting
 + Level 0.2 Long Blades
 * Level 4.1 Dodging
 + Level 2.9 Stealth
 + Level 3.6 Spellcasting
 + Level 1.4 Conjurations
 + Level 5.2 Ice Magic


You had 9 spell levels left.
You knew the following spells:

 Your Spells              Type           Power        Failure   Level  Hunger
a - Freeze                Ice            ###.         1%          1    None
b - Throw Frost           Conj/Ice       ##....       7%          2    ##.....


Dungeon Overview and Level Annotations

Branches:
Dungeon (3/15)

Altars:
Dithmenos
Trog
Zin


Innate Abilities, Weirdness & Mutations

Shadows flee at your approach. (+LOS)
You can swim through water.
You cover ground slowly.
You can hop short distances.


Message History

It was a potion of might.
You feel very mighty all of a sudden.
You miss the big kobold.
The big kobold hits you but does no damage.
The big kobold misses you.
You strike the helpless big kobold from behind!
You slash the big kobold!
The big kobold is moderately wounded.
The big kobold misses you.
You barely miss the big kobold.
The big kobold is moderately wounded.
The hobgoblin shouts!
The big kobold barely misses you.
You riposte.
The big kobold shouts!
You hit the big kobold.
The big kobold is heavily wounded.
You barely miss the big kobold.
The big kobold is heavily wounded.
The big kobold hits you with a club!
You die...

≈≈≈≈≈≈≈≈≈≈≈≈≈≈≈≈≈≈≈≈≈≈≈≈≈≈≈≈≈≈≈≈≈
#################################
... ##.....#.......#....#..g..
.... ##......'.......#....#.gg..
..... #.......#########....######
......#..............#......#....
g.....'.............))......))...
......#g.K..).......)#.....)#....
.... #....K..#########....######
%. ##...g..$((....(#..).#.....
##.....#K@.....#....#.....
########################')#######
≈≈≈≈≈≈≈≈≈≈≈≈≈≈≈≈≈≈≈≈≈≈≈÷..))≈≈≈≈≈
≈≈≈≈≈≈≈≈≈≈≈≈≈≈≈≈≈≈≈≈≈≈≈...)≈)≈≈≈≈
≈≈≈≈≈≈≈≈≈≈≈≈≈≈≈≈≈≈≈≈≈)≈..).≈≈≈)≈≈
≈≈≈≈≈..≈≈≈.≈≈≈≈≈≈...≈)≈....≈≈≈.≈.
.................................
.................................
....................###########..
....####...####.##### #..
.......#..##....# #..


You could see 3 big kobolds and a hobgoblin.

Vanquished Creatures
  2 orc wizards (D:3)
  Natasha (twice) (D:3)
  6 gnolls (D:3)
  6 adders (D:3)
  4 worms
  3 orcs (D:3)
  13 bats
  5 giant cockroaches
  15 goblins
  26 hobgoblins
  4 jackals (D:3)
  A ball python (D:2)
  3 frilled lizards
  8 kobolds
  12 rats
110 creatures vanquished.

Notes
Turn   | Place    | Note
-------+----------+-------------------------------------------
     0 | D:1      | bli the Barachi Ice Elementalist began the quest for the Orb.
     0 | D:1      | Reached XP level 1. HP: 13/13 MP: 3/3
   153 | D:1      | Reached XP level 2. HP: 19/19 MP: 3/5
   157 | D:1      | Reached skill level 4 in Ice Magic
   797 | D:1      | Reached XP level 3. HP: 14/25 MP: 6/6
  1115 | D:2      | Reached skill level 1 in Fighting
  1370 | D:2      | Found a faded altar of an unknown god.
  1372 | D:2      | Became a worshipper of Zin the Law-Giver
  1372 | D:2      | Reached * piety under Zin
  1387 | D:2      | Reached ** piety under Zin
  1462 | D:2      | Found a bloodstained altar of Trog.
  1614 | D:3      | Reached XP level 4. HP: 32/32 MP: 6/8
  2403 | D:3      | Noticed Natasha
  2429 | D:3      | Killed Natasha
  2429 | D:3      | Reached XP level 5. HP: 14/37 MP: 5/9
  2524 | D:3      | Learned a level 2 spell: Throw Frost
  3025 | D:3      | Reached XP level 6. HP: 44/44 MP: 4/11
  3030 | D:3      | Reached skill level 5 in Ice Magic
  3135 | D:3      | Found a shadowy altar of Dithmenos.
  3137 | D:3      | Fell from the grace of Zin
  3155 | D:3      | Became a worshipper of Dithmenos the Shadowed
  3328 | D:3      | Noticed Natasha
  3352 | D:3      | Killed Natasha
  3696 | D:3      | Reached * piety under Dithmenos
  3730 | D:3      | Slain by a big kobold

Skill      XL: |  1  2  3  4  5  6 |
---------------+-------------------+-----
Ice Magic      | 4 5 |  5.2
Stealth        | 2 |  2.9
Fighting       | 1 2 |  2.3
Spellcasting   | 3 |  3.6
Dodging        | 3 4 |  4.1
Long Blades    | |  0.2
Conjurations   | |  1.4

Action                   |  1- 3 |  4- 6 || total
-------------------------+-------+-------++-------
Melee: Unarmed           |    78 |    16 ||    94
       Falchion          |       |    75 ||    75
 Cast: Freeze            |    45 |    86 ||   131
       Throw Frost       |       |    23 ||    23
Invok: Renounce Religion |       |     1 ||     1
  Use: Potion            |       |     2 ||     2
 Stab: Sleeping          |     2 |       ||     2
       Invisible         |       |     1 ||     1
  Eat: Chunk             |     3 |     8 ||    11
Armor: Robe              |    23 |    23 ||    46
Dodge: Dodged            |    67 |   141 ||   208
       Rpst.: Falchion   |       |    26 ||    26
